 Dungeon Crawl Stone Soup version 0.17-a0-671-g4330659 (webtiles) character file.

134 EvilTwin the Sneak (level 4, -8/23 HPs)
             Began as a Spriggan Assassin on Apr 18, 2015.
             Killed by nerve-wracking pain
             ... invoked by Grinder
              (13 damage)
             ... on level 3 of the Dungeon.
             The game lasted 00:06:35 (2929 turns).

EvilTwin the Sneak (Spriggan Assassin)              Turns: 2929, Time: 00:06:35

Health: -8/23      AC:  3    Str:  7    XL:     4   Next: 95%
Magic:  5/5        EV: 19    Int: 12    God:
Gold:   139        SH:  0    Dex: 18    Spells: 0 memorised, 3 levels left

rFire  . . .     SeeInvis +     a - +2 dagger
rCold  . . .     Clarity  .     c - +0 robe
rNeg   . . .     SustAb   .     (shield restricted)
rPois  .         Gourm    .     (helmet restricted)
rElec  .         Spirit   .     d - +0 cloak
rCorr  .         Warding  .     (gloves unavailable)
rMut   .         Stasis   .     (boots unavailable)
MR     .....                    (no amulet)
Stlth  ++++......               (no ring)
                                n - ring of see invisible

@: very quick, not resistant to hostile enchantments, stealthy
A: unfitting armour, see invisible, herbivore 3, speed 3, slow metabolism 2
a: no special abilities


You were on level 3 of the Dungeon.
You were not hungry.

You visited 1 branch of the dungeon, and saw 3 of its levels.

You collected 139 gold pieces.

Inventory:

Hand weapons
 a - a +2 dagger (weapon)
 b - a +0 blowgun
Missiles
 e - 21 poisoned needles
 f - 2 curare-tipped needles
Armour
 c - a +0 robe (worn)
 d - a +0 cloak (worn)
Jewellery
 n - a ring of see invisible (left hand)
Magical devices
 q - a wand of teleportation (0)
Scrolls
 h - 3 scrolls of teleportation {unknown}
 k - a scroll of enchant weapon {unknown}
 l - 2 scrolls of identify {unknown}
 o - a scroll of enchant armour {unknown}
 r - 3 scrolls of blinking {unknown}
 t - a scroll of remove curse {unknown}
Potions
 i - 2 potions of curing
 j - 2 potions of magic {unknown}
 m - a potion of restore abilities {unknown}
 s - a potion of might {unknown}
Books
 p - a Necronomicon {highlevel, unknown}

   This book is beyond your current level of understanding.

   Spells                             Type                      Level
   a - Haunt                          Necromancy/Summoning         7
   b - Borgnjor's Revivification      Necromancy                   8
   c - Death's Door                   Charms/Necromancy            8
   d - Necromutation                  Transmutation/Necromancy     8
Comestibles
 g - 4 bread rations


   Skills:
 + Level 1.7 Fighting
 + Level 2.9 Short Blades
 + Level 2.3 Throwing
 + Level 4.0 Dodging
 + Level 7.8 Stealth


You had 3 spell levels left.
You didn't know any spells.

Dungeon Overview and Level Annotations

Branches:
Dungeon (3/15)

Altars:
Trog

Annotations:
D:3 Grinder, Robin


Innate Abilities, Weirdness & Mutations

You are tiny and cannot use many weapons and most armour.
You have supernaturally acute eyesight.
You are a herbivore.
You cover ground extremely quickly.
You need consume almost no food.


Message History

Grinder is heavily wounded.
Grinder misses you.
You barely miss Grinder.
Grinder is heavily wounded.
You closely miss Grinder.
Grinder is heavily wounded.
Grinder closely misses you.
You barely miss Grinder.
Grinder is heavily wounded.
Grinder barely misses you.
You hit Grinder but do no damage.
Grinder is heavily wounded.
Grinder hits you.
You writhe in agony.
* * * LOW HITPOINT WARNING * * *
You hit Grinder but do no damage.
Grinder is heavily wounded.
Grinder gestures at you. Pain shoots through your body!
Ouch! That really hurt!
You die...

### #######.##
#.5..ยง...#
#<#####5##
#####@########
.
#............#
..
#>###.######.#
...# #.# #.#
....#... #.#
#.# ....(.[#
#.# #.##
....##.# #.#
#..# ...# #.#
#.# ##.# ...#
#.# #.# #.#


You could see Grinder.

Vanquished Creatures
  Terence (D:2)
  Natasha (D:3)
  An adder (D:3)
  2 giant geckos
  3 orcs (D:3)
  A bat skeleton (D:3)
  3 giant cockroaches
  5 hobgoblins
  8 jackals (D:1)
  7 kobolds
  10 bats
  3 giant newts
  13 goblins
  A quokka (D:2)
  9 rats
68 creatures vanquished.

Vanquished Creatures (others)
  A goblin (D:3)
1 creature vanquished.

Grand Total: 69 creatures vanquished

Notes
Turn   | Place    | Note
--------------------------------------------------------------
     0 | D:1      | EvilTwin, the Spriggan Assassin, began the quest for the Orb.
     0 | D:1      | Reached XP level 1. HP: 10/10 MP: 2/2
    53 | D:1      | Reached skill level 6 in Stealth
   156 | D:1      | Reached XP level 2. HP: 4/14 MP: 3/3
   855 | D:1      | Reached XP level 3. HP: 18/18 MP: 4/4
   866 | D:1      | Reached skill level 7 in Stealth
  1183 | D:2      | Noticed Terence
  1273 | D:2      | Found a bloodstained altar of Trog.
  1656 | D:2      | Killed Terence
  1656 | D:2      | Reached XP level 4. HP: 11/22 MP: 5/5
  2218 | D:3      | Noticed Natasha
  2284 | D:3      | Killed Natasha
  2520 | D:3      | Noticed Robin
  2901 | D:3      | Noticed Grinder
  2929 | D:3      | Killed from afar by Grinder

Action                   |  1- 3 |  4- 6 || total
-------------------------+-------+-------++-------
Melee: Dagger            |   148 |    98 ||   246
 Fire: Blowgun           |     3 |     3 ||     6
  Use: Potion            |       |     1 ||     1
 Stab: Sleeping          |     9 |     2 ||    11
